[Event "*** Titled Tuesday Blitz"]
[Site "Chess.com"]
[Date "2020.12.01"]
[Round "4"]
[White "Alindsay211"]
[Black "Tsyhanchuk_Stanislav"]
[Result "0-1"]
[WhiteElo "2407"]
[BlackElo "2239"]
[TimeControl "180+1"]
[EndTime "10:39:29 PST"]
[Termination "Tsyhanchuk_Stanislav won on time"]

1. e4 c6 2. d4 d5 3. Nc3 dxe4 4.
Nxe4 Bf5 5. Ng3 Bg6 6. h4 h6 7.
Nf3 Nd7 8. h5 Bh7 9. Bd3 Bxd3 10. Qxd3 e6 11. Bf4 Qa5+ 12. c3 Ngf6 13. Nd2 Be7 14.
Nc4 Qd8 15. O-O-O Nb6 16. Ne5 Nbd5 17. Be3 Bd6 18. Rh3 Qc7 19. f4 Nxe3 20. Qxe3 O-O-O 21. Ne4 Nxe4 22. Qxe4 c5 23. Rg3 cxd4 24. Rxd4 Kb8 25. Rxg7 Bxe5 26. Qxe5 Qxe5 27. fxe5 Rxd4 28. cxd4 Rf8 29.
Rh7 Kc7 30. Rxh6 Kc6 31. Kd2 Kd5 32. Ke3 Rg8 33. Rf6 Rxg2 34. Rxf7 Rxb2 35. Rd7+ Kc6 36. Rd6+ Kc7 37. Rxe6 Rxa2 38. Rg6 Rh2 39. h6 a5 40. Rg7+ Kc6 41. Ke4 a4 42. d5+ Kc5 43. Rc7+ Kb6 44. Rf7 a3 45. h7 a2 46. Rf5 a1=Q 47. e6 Rh4+ 48. Rf4 Rxf4+ 49. Kxf4 Qg7 50. d6 Kc6 51. e7 Kd7 52. Kf5 Qxh7+ 0-1

[Event "*** Titled Tuesday Blitz"]
[Site "Chess.com"]
[Date "2020.12.01"]
[Round "4"]
[White "Ajedrez_con_German"]
[Black "Marianov_Podstavnikov"]
[Result "1-0"]
[WhiteElo "2475"]
[BlackElo "2255"]
[TimeControl "180+1"]
[EndTime "10:39:30 PST"]
[Termination "Ajedrez_con_German won by resignation"]

1. d4 Nf6 2. c4 e6 3. Nc3 Bb4 4. Qc2 b6 5. Nf3 Bb7 6. e3 O-O 7. Bd3 d6 8. Bd2 Nbd7 9. a3 Bxc3 10. Bxc3 Bxf3 11. gxf3 e5 12. Rg1 Kh8 13. O-O-O Qe7 14. Rg5 h6 15. Rg2 exd4 16. Bxd4 Ne5 17. Rdg1 Rg8 18.
Bxe5 Qxe5 19. f4 Qe7 20. Qc3 Rae8 21. Kb1 a5 22. Ka2 Qd8 23. Qe1 d5 24. Qc3 c5 25.
cxd5 Qxd5+ 26. Bc4 Qh5 27. Rxg7 Rxg7 28. Qxf6 Rg8 29.
Rg3 Kh7 30. Bd3+ Kh8 31. Bc4 Kh7 32. Qxb6 Rxg3 33. hxg3 Qf5 34. Qc6 Rc8 35. Qb7 Kg7 36.
Qa7 h5 37. Qxa5 Qe4 38. Qc3+ Kg8 39. Bd3 Qe6+ 40. Qc4 Qxc4+ 41. Bxc4 Kg7 42. a4 Kf6 43. a5 Ke7 44. a6 f6 45. Kb3 Kd6 46. Kc3 Rb8 47. b3 Ra8 48. e4 Re8 49. f3 Rh8 50. Bd5 Rh7 51. Kc4 Ra7 52. Bb7 h4 53. gxh4 1-0

[Event "*** Titled Tuesday Blitz"]
[Site "Chess.com"]
[Date "2020.12.01"]
[Round "4"]
[White "2346PL"]
[Black "LaPorfia"]
[Result "0-1"]
[WhiteElo "2446"]
[BlackElo "2313"]
[TimeControl "180+1"]
[EndTime "10:39:30 PST"]
[Termination "LaPorfia won by resignation"]

1. d4 Nf6 2. Nc3 d5 3. Bf4 c6 4.
e3 Bf5 5. f3 e6 6. g4 Bg6 7. h4 h5 8. g5 Nfd7 9. Bd3 Bxd3 10.
cxd3 g6 11. Nge2 c5 12. dxc5 Bxc5 13. d4 Be7 14. Nb5 Na6 15. Kf2 O-O 16. a3 Nb6 17. b3 Qd7 18. Qd3 Nc8 19. Be5 Nd6 20. Nxd6 Bxd6 21. f4 Rac8 22. b4 Rc4 23. Rac1 Rfc8 24. Rxc4 Rxc4 25. Rc1 b5 26. Ke1 Bxe5 27. fxe5 Rxc1+ 28. Nxc1 Qc6 29. Kd2 Qc4 30. Nb3 Nb8 31. Na5 Qa2+ 32.
Qc2 Qxc2+ 33. Kxc2 Kf8 34. Kb3 Ke7 35. a4 a6 36. Ka3 Kd7 37. Nb7 Kc7 38. Nd6 Nc6 39.
Nxf7 Ne7 40. a5 Nf5 41. Nd6 Nxh4 42. e4 dxe4 43. Nxe4 Nf5 44. Nc5 Nxd4 45. Nxa6+ Kc6 46. Nb8+ Kb7 47. Nd7 h4 48. Nc5+ Ka7 49. Ne4 h3 50.
Nf2 h2 51. Kb2 Nf3 52. Nh1 Nxg5 53. Kc3 Nf3 54. Kd3 Nxe5+ 55. Ke4 Nc4 56. Kd4 e5+ 57.
Kc5 Ka6 58. Kd5 g5 59. Ke4 g4 60. Kf5 Nxa5 61. bxa5 Kxa5 62. Kxg4 b4 63. Kg3 b3 64. Kxh2 b2 65. Nf2 b1=Q 0-1

[Event "*** Titled Tuesday Blitz"]
[Site "Chess.com"]
[Date "2020.12.01"]
[Round "4"]
[White "pitopisback"]
[Black "AradNazari"]
[Result "0-1"]
[WhiteElo "2196"]
[BlackElo "2435"]
[TimeControl "180+1"]
[EndTime "10:39:31 PST"]
[Termination "AradNazari won on time"]

1. Nf3 Nf6 2. g3 d5 3. Bg2 g6 4. O-O Bg7 5. d3 O-O 6. c3 c5 7.
Qa4 Nc6 8. Qh4 Qc7 9. Bh6 Nh5 10. Bxg7 Nxg7 11. Ng5 h5 12. Nd2 Rd8 13. e4 d4 14.
c4 f6 15. Ngf3 g5 16. Nxg5 fxg5 17. Qxg5 Qe5 18. Qh4 Qf6 19. Qxf6 exf6 20. f4 Nb4 21. e5 fxe5 22. Be4 exf4 23. Rxf4 Be6 24. a3 Nc2 25. Rc1 Ne3 26. b4 Rac8 27. b5 b6 28. a4 Rc7 29. a5 Rf7 30. Rxf7 Bxf7 31. Ra1 Rb8 32. axb6 axb6 33. Ra7 Ne6 34. Nf3 Ng4 35. h3 Nf6 36. Bf5 Ng7 37. Nh4 Nxf5 38. Nxf5 Be6 39. Ne7+ Kh8 40. Ng6+ Kg8 41. Ne7+ Kf8 42. Ng6+ Ke8 43. Nf4 Bd7 44. Kf2 Ke7 45. Kf3 Kd6 46. Ra6 Bc8 47.
Ra7 Bb7+ 48. Kf2 Kc7 49. Ng6 Ra8 50. Rxa8 Bxa8 51. Nf4 Bb7 52. Ne6+ Kd6 53. Ng5 Bc8 54. Nf7+ Ke7 55. Ne5 Bxh3 56. Kf3 Bg4+ 57. Kf4 Nd7 58. Nc6+ Kd6 59. Kg5 Ne5 60. Nd8 Nxd3 61. Nb7+ Kc7 62. Na5 bxa5 0-1

[Event "*** Titled Tuesday Blitz"]
[Site "Chess.com"]
[Date "2020.12.01"]
[Round "4"]
[White "catzapto"]
[Black "Kaslask"]
[Result "0-1"]
[WhiteElo "2118"]
[BlackElo "2329"]
[TimeControl "180+1"]
[EndTime "10:39:31 PST"]
[Termination "Kaslask won by checkmate"]

1. e4 c5 2. Nf3 e6 3. c3 d5 4. exd5 Qxd5 5. d4 Nf6 6. Na3 a6 7.
Nc4 Nbd7 8. Ne3 Qd6 9. Nc4 Qc6 10.
Nfe5 Nxe5 11. Nxe5 Qe4+ 12. Qe2 cxd4 13. Qxe4 Nxe4 14. cxd4 Bb4+ 15. Ke2 O-O 16. Ke3 Nf6 17. a3 Be7 18. Bd2 Rd8 19. Bc3 Bd7 20. Nxd7 Rxd7 21. Be2 Nd5+ 22. Ke4 Rc8 23. Rhc1 f5+ 24. Kf3 g5 25. g4 Bf6 26. gxf5 exf5 27. Bd3 Ne7 28. Ke3 Kf7 29. f4 Nd5+ 30. Kf3 g4+ 31. Kg3 Kg6 32.
h3 h5 33. hxg4 hxg4 34. Rc2 Ne3 35. Re2 Nd5 36. Rc1 Rd6 37. Rh2 Nxc3 38. bxc3 Bxd4 39. cxd4 Rxc1 40. Bxf5+ Kxf5 41. Rh5+ Ke6 42. Re5+ Kf6 43. d5 Rd1 44. Kxg4 R1xd5 45. Re8 Rd1 46. Rf8+ Ke7 47.
Rb8 Rd7 48. f5 Rg1+ 49. Kf4 Ra1 50. Kg5 Rxa3 51. f6+ Kf7 52. Rh8 Ra5+ 53. Kh6 Kxf6 54. Rf8+ Rf7 55. Rd8 Re5 56. Rd6+ Re6 57. Rd5 Ke7+ 58. Kg5 b5 59. Kg4 Rg6+ 60. Kh5 Rg1 61. Re5+ Kf6 62. Rf5+ Kxf5 63. Kh6 Rf6+ 64. Kh5 Rfg6 65.
Kh4 Rh6# 0-1

[Event "*** Titled Tuesday Blitz"]
[Site "Chess.com"]
[Date "2020.12.01"]
[Round "4"]
[White "Micki-taryan"]
[Black "DenLaz"]
[Result "1/2-1/2"]
[WhiteElo "3008"]
[BlackElo "2799"]
[TimeControl "180+1"]
[EndTime "10:39:32 PST"]
[Termination "Game drawn by repetition"]

1. Nf3 d5 2. d3 Nf6 3. g3 c6 4.
Bg2 Bf5 5. O-O e6 6. Nbd2 h6 7.
b3 Be7 8. Bb2 O-O 9. Qe1 Bh7 10.
e4 a5 11. a3 c5 12. Ne5 Nc6 13. Nxc6 bxc6 14. a4 Nd7 15. Qe2 Bf6 16. e5 Be7 17. f4 Qb6 18. c4 dxc4 19. dxc4 Rfd8 20. Bc3 Nf8 21. Be4 Rd7 22. Bxh7+ Nxh7 23. Ne4 Rad8 24.
Rf3 Rb8 25. Be1 Re8 26. Rd1 Rxd1 27. Qxd1 f5 28. Nd6 Rd8 29. Rd3 Nf8 30. Qd2 Ra8 31.
h4 Bxd6 32. exd6 Nd7 33. Re3 Kf7 34. g4 fxg4 35. f5 e5 36. Qe2 h5 37. Bc3 Re8 38. Bxe5 Qd8 39. Bg3 Rxe3 40. Qxe3 Qf6 41. Qg5 Qd4+ 42.
Bf2 Qd1+ 43. Kg2 Qf3+ 44. Kg1 Qd1+ 45. Kg2 Nf6 46. Qf4 Qxb3 47. Qe5 Qd3 48. Qe6+ Kf8 49. Bxc5 Qd2+ 50. Kf1 Qd3+ 51. Kg2 Qd2+ 52. Kf1 Qd3+ 53. Ke1 Qc3+ 54. Kd1 Qd3+ 55. Ke1 Qc3+ 56. Ke2 Qc2+ 57. Kf1 Qd3+ 1/2-1/2

[Event "*** Titled Tuesday Blitz"]
[Site "Chess.com"]
[Date "2020.12.01"]
[Round "4"]
[White "gilbert_gm"]
[Black "Zhigalko_Sergei"]
[Result "1-0"]
[WhiteElo "2561"]
[BlackElo "2861"]
[TimeControl "180+1"]
[EndTime "10:39:32 PST"]
[Termination "gilbert_gm won on time"]

1. d4 Nf6 2. Nf3 e6 3. Bf4 d5 4. Nbd2 Bd6 5. e3 O-O 6. Bd3 b6 7. Qe2 Bb7 8. O-O c5 9. c3 Nc6 10. Ne5 Qc7 11. Ndf3 Ne7 12. Bg3 Ne4 13. Bxe4 dxe4 14.
Nd2 Rac8 15. Rfc1 f6 16. Nec4 Bxg3 17. hxg3 Ba6 18. Qe1 Nd5 19. a4 h5 20. Na3 Bd3 21. f3 Bc4 22. Naxc4 exf3 23. gxf3 Ne7 24. Kf2 Nf5 25.
Kg2 Rcd8 26. Qf2 g5 27. Rh1 h4 28. gxh4 cxd4 29. cxd4 e5 30. hxg5 exd4 31. e4 Ne3+ 32. Nxe3 dxe3 33. Qxe3 Qc2 34. Qb3+ Qxb3 35. Nxb3 Rd3 36.
Ra3 fxg5 37. Rf1 Rc8 38. Rf2 Rc4 39. Nd2 Rxa3 40. bxa3 Rxa4 41. Nb1 Rc4 42. Rb2 Kf7 43. Kf2 g4 44. Nd2 Rc3 45. fxg4 Rxa3 46. Nf3 Ke6 47. Kg3 Ra1 48. Kf4 Kd6 49. e5+ Kd5 50. Rd2+ Ke6 51. Rd6+ Ke7 52. g5 b5 53. g6 a5 54. Ra6 1-0

[Event "*** Titled Tuesday Blitz"]
[Site "Chess.com"]
[Date "2020.12.01"]
[Round "4"]
[White "xamax2000"]
[Black "Region_07"]
[Result "1-0"]
[WhiteElo "2646"]
[BlackElo "2458"]
[TimeControl "180+1"]
[EndTime "10:39:32 PST"]
[Termination "xamax2000 won on time"]

1. d4 d5 2. c4 Nc6 3. Nc3 dxc4 4. d5 Ne5 5. Bf4 Ng6 6. Bg3 e5 7. e4 Bd6 8. Bxc4 Nf6 9. f3 a6 10. Nge2 O-O 11. O-O Nh5 12. Bf2 Nhf4 13. Kh1 Qg5 14. g3 Nh3 15. Be1 Bc5 16. Bd2 Qh5 17. Qe1 Ng5 18. g4 Qh6 19. Qg3 Nh4 20. Ng1 Bxg1 21.
Qxg1 Nhxf3 22. Bxg5 Nxg5 23. Qg3 b5 24. Bb3 Bd7 25.
h4 f6 26. Kg2 Nf7 27. d6 cxd6 28. Nd5 Kh8 29. Ne7 Rae8 30. Nf5 Bxf5 31. Rxf5 Nd8 32. Raf1 Ne6 33. g5 fxg5 34. Bxe6 Rxf5 35. Bxf5 gxh4 36. Qf2 g6 37. Bg4 Qg5 38. Qf6+ Qxf6 39. Rxf6 Rd8 40. Rf7 d5 41. exd5 Rxd5 42. Rf2 Rd4 43.
Kh3 Kg7 44. Rg2 h5 45. Bxh5 Kh6 46. Bxg6 Rd3+ 47. Bxd3 e4 48. Rg4 exd3 49. Rxh4+ Kg5 50. Rd4 Kf5 51. Rxd3 Ke4 52. Rd2 Ke3 53. Rd8 Ke4 54. Kg2 Ke5 55. Kf1 Ke4 56. Ke1 Ke3 57. Kd1 Ke4 58. Kc2 Ke5 59. Ra8 1-0

[Event "*** Titled Tuesday Blitz"]
[Site "Chess.com"]
[Date "2020.12.01"]
[Round "4"]
[White "yobdc"]
[Black "fyall777"]
[Result "0-1"]
[WhiteElo "2484"]
[BlackElo "2289"]
[TimeControl "180+1"]
[EndTime "10:39:32 PST"]
[Termination "fyall777 won on time"]

1. d4 d6 2. Nf3 g6 3. g3 Bg7 4. Bg2 Nf6 5. O-O O-O 6. b3 e5 7. dxe5 Ng4 8. Bb2 Nc6 9. Qc1 Ngxe5 10. Nbd2 Qe7 11. Re1 Bg4 12. h3 Bd7 13. e4 Rae8 14. Nxe5 dxe5 15. Ba3 Qf6 16. Bxf8 Bxf8 17. c3 Bc5 18. Re2 h5 19. b4 Bf8 20. Nf3 Bxh3 21. Qg5 Qxg5 22. Nxg5 Bg4 23. Nf3 f5 24. Rae1 f4 25.
Rd2 Bh6 26. Rd3 g5 27. a4 a6 28. b5 axb5 29. axb5 Na5 30. Red1 Bxf3 31. Bxf3 g4 32.
Be2 f3 33. Bf1 Kf7 34. Rd7+ Re7 35. R1d5 Bg7 36. c4 b6 37. Rd8 Nb7 38. Rb8 Nc5 39.
Rc8 Bf6 40. Ra8 Nxe4 41. Rdd8 Nc5 42. Rf8+ Ke6 43. Rad8 e4 44. Rg8 Rd7 45. Rde8+ Kf7 46. Rgf8+ Kg6 47. Rg8+ Kf5 48. Rgf8 Kg6 49. Rg8+ Bg7 50.
Rc8 Kh7 51. Rge8 Bd4 52. Rg8 e3 53. fxe3 Bxe3+ 54. Kh2 Rd2+ 55. Kh1 Rd1 56. Rgd8 Rxf1+ 57. Kh2 Rf2+ 58. Kh1 Bg5 59. Rxc7+ Kg6 60. Rd6+ Bf6 61. Rcc6 Ne4 62. Re6 Nxg3+ 0-1

[Event "*** Titled Tuesday Blitz"]
[Site "Chess.com"]
[Date "2020.12.01"]
[Round "4"]
[White "Vuk2000"]
[Black "IMJonathanCarlstedt"]
[Result "1-0"]
[WhiteElo "2726"]
[BlackElo "2494"]
[TimeControl "180+1"]
[EndTime "10:39:33 PST"]
[Termination "Vuk2000 won by checkmate"]

1. d4 Nf6 2. Bg5 d5 3. e3 c5 4. Bxf6 gxf6 5. dxc5 Nc6 6. Nf3 e6 7. c4 dxc4 8. Qc2 Bxc5 9. Bxc4 Qe7 10. Nc3 Bd7 11.
O-O Rc8 12. Qe2 Rg8 13. Rac1 a6 14. Ne4 Ba7 15. Rfd1 Bb8 16. Qd3 Rd8 17. Ng3 f5 18. Qc3 Rg4 19. Qh8+ Qf8 20. Qxh7 f4 21. Nh5 Ke7 22.
h3 Qg8 23. Qxg8 Rgxg8 24. Nxf4 Na5 25. Be2 b5 26. b3 Nc6 27. Nd3 f6 28. Nc5 Be8 29.
Nxa6 Ba7 30. Nc7 Rxd1+ 31. Rxd1 f5 32. Nxe8 Rxe8 33. Bxb5 Rc8 34. Rc1 Kd6 35. Rxc6+ Rxc6 36. Bxc6 Kxc6 37. h4 Kd6 38. Kf1 Ke7 39. Ke2 Kf6 40.
g3 e5 41. Nd2 e4 42. f3 exf3+ 43. Kxf3 Ke5 44. e4 Bd4 45. Nc4+ Kf6 46. Kf4 fxe4 47. Kxe4 Bc5 48. g4 Bf2 49. h5 Kg5 50. Ne5 Bc5 51. Nf7+ Kxg4 52. h6 Bf8 53. h7 Bg7 54.
h8=Q Bxh8 55. Nxh8 Kg5 56. Ke5 Kh6 57. a4 Kg7 58. a5 Kf8 59. a6 Ke7 60. a7 Kd7 61. a8=Q Kc7 62. Kd5 Kb6 63. Qb8+ Ka6 64. Kc5 Ka5 65.
Qa8# 1-0

[Event "*** Titled Tuesday Blitz"]
[Site "Chess.com"]
[Date "2020.12.01"]
[Round "4"]
[White "mjray79"]
[Black "VladaSviridova"]
[Result "0-1"]
[WhiteElo "2439"]
[BlackElo "2301"]
[TimeControl "180+1"]
[EndTime "10:39:33 PST"]
[Termination "VladaSviridova won by checkmate"]

1. d4 d5 2. c4 c6 3. Nf3 Nf6 4. Nc3 dxc4 5. a4 Bf5 6. Ne5 Nbd7 7. Nxc4 Qc7 8. g3 e5 9. dxe5 Nxe5 10. Bf4 Nfd7 11.
Bg2 g5 12. Bxe5 Nxe5 13. Ne3 Be6 14. Rc1 Be7 15. O-O O-O 16. f4 Qb6 17. fxe5 Qxe3+ 18. Kh1 Qxe5 19. Qc2 Rad8 20. Rb1 a5 21. Rf2 Bc5 22.
Rff1 f5 23. e4 f4 24. Ne2 Be3 25. Rbd1 Rxd1 26. Qxd1 Bc4 27. gxf4 gxf4 28. Bf3 Bxe2 29. Qxe2 Rd8 30. Qc4+ Kg7 31. b4 Rd4 32. Qe2 Rd2 33.
Qc4 axb4 34. Qxb4 Rb2 35. Qe1 Qg5 36. Qd1 Qh4 37. Qd7+ Kg8 38. Qc8+ Kf7 39. Qd7+ Qe7 40. Bh5+ Kf8 41. Qc8+ Kg7 42. Qg4+ Kf8 43. Qf5+ Kg7 44.
Qg4+ Kh6 45. Rd1 Rd2 46. Rf1 Qg5 47. Qe6+ Kxh5 48. Qh3+ Kg6 49. Qe6+ Qf6 50. Qg8+ Qg7 51. Qe6+ Kh5 52. Qf5+ Kh6 53. Qh3+ Kg6 54. Qf5+ Kh6 55. Qh3+ Kg5 56. Qf5+ Kh4 57. Qe6 Qg2# 0-1

[Event "*** Titled Tuesday Blitz"]
[Site "Chess.com"]
[Date "2020.12.01"]
[Round "4"]
[White "alexrustemov"]
[Black "PowerThinking2650"]
[Result "1/2-1/2"]
[WhiteElo "2631"]
[BlackElo "2454"]
[TimeControl "180+1"]
[EndTime "10:39:34 PST"]
[Termination "Game drawn - insufficient material"]

1. d4 Nf6 2. c4 g6 3. Nf3 Bg7 4.
g3 O-O 5. Bg2 d6 6. Nc3 Nbd7 7. O-O e5 8. e4 exd4 9. Nxd4 Re8 10. h3 Nc5 11. Re1 Bd7 12. b3 Qc8 13. Kh2 Re5 14. g4 Re8 15. f3 h5 16. g5 Nh7 17. Be3 a5 18. Rc1 Qd8 19. Qd2 h4 20. f4 f6 21. gxf6 Nxf6 22. Bf2 Nh5 23. Be3 Ng3 24.
Bf2 Nh5 25. Kg1 c6 26. Nf3 Qf6 27. Bxh4 Qxf4 28. Re3 Bh6 29. Bf2 Ng3 30. Rce1 Rf8 31. e5 dxe5 32. Nxe5 Qxe5 33. Bxg3 Qxg3 34. Qd4 Bxe3+ 35.
Rxe3 Qg5 36. h4 Qf6 37. Qxf6 Rxf6 38. Rg3 Kh7 39. Rg5 Nd3 40. Ne4 Rf7 41. h5 Nf4 42.
hxg6+ Nxg6 43. Rg3 Raf8 44. Ng5+ Kg7 45. Nxf7 Rxf7 46.
Be4 Rf6 47. Rg5 Be6 48. Rxa5 Nf4 49. Ra7 Rf7 50. Kh2 Kf6 51. Kg3 Ke5 52. Bf3 Rg7+ 53.
Kf2 Nd3+ 54. Ke3 Nc5 55. b4 Nd7 56. b5 Bxc4 57. bxc6 bxc6 58. Bxc6 Rg3+ 59. Kf2 Rc3 60. Bxd7 Rc2+ 61. Ke3 Rxa2 62. Rxa2 Bxa2 1/2-1/2

[Event "*** Titled Tuesday Blitz"]
[Site "Chess.com"]
[Date "2020.12.01"]
[Round "4"]
[White "sara_khm"]
[Black "Stosk"]
[Result "0-1"]
[WhiteElo "2586"]
[BlackElo "2408"]
[TimeControl "180+1"]
[EndTime "10:39:35 PST"]
[Termination "Stosk won by resignation"]

1. d4 d5 2. c4 e6 3. Nc3 Nf6 4. cxd5 exd5 5. Bg5 Be7 6. e3 O-O 7. Bd3 c6 8. Qc2 Nbd7 9. Nge2 Re8 10. O-O Nf8 11. f3 h6 12. Bh4 Ne6 13. Rad1 c5 14.
dxc5 g5 15. Bf2 Bxc5 16. Bf5 Ng7 17. Bxc8 Rxc8 18. Qd3 Qe7 19. Nd4 Bxd4 20. exd4 Ne6 21. Bg3 Qb4 22. Rd2 Qa5 23. Qf5 Nh5 24. Be5 Rxc3 25.
bxc3 Qxc3 26. Rfd1 Nhf4 27. Qf6 Qe3+ 28. Kf1 Ng6 29.
Re2 Qc3 30. Bg3 Qc4 31. Kf2 Qc6 32. h4 gxh4 33. Bxh4 Nef4 34. Rxe8+ Qxe8 35. Rd2 Qa4 36. Qd8+ Kh7 37. Bf6 h5 38. Qc7 Qe8 39. Qxb7 Qe6 40. Qxa7 Qxf6 41. Qa3 Qf5 42. Qe3 h4 43. a4 h3 44. gxh3 Nxh3+ 45. Ke1 Nhf4 46. a5 Qb1+ 47. Kf2 Qb4 48. a6 Qa5 49. Rc2 Qxa6 50. Rc7 Qf6 51. Rd7 Ne6 52. Rxd5 Ngf4 53. Re5 Qg6 54. Ke1 Ng2+ 0-1

[Event "*** Titled Tuesday Blitz"]
[Site "Chess.com"]
[Date "2020.12.01"]
[Round "4"]
[White "Atousa1"]
[Black "PavelShkapenko"]
[Result "0-1"]
[WhiteElo "2484"]
[BlackElo "2701"]
[TimeControl "180+1"]
[EndTime "10:39:36 PST"]
[Termination "PavelShkapenko won by resignation"]

1. e4 e5 2. Nf3 Nc6 3. Bb5 Bc5 4. c3 f5 5. d4 fxe4 6. Nxe5 Nxe5 7. dxe5 Qh4 8. O-O Ne7 9. Nd2 c6 10. Bc4 e3 11. fxe3 Bxe3+ 12. Kh1 Rf8 13. Nf3 Qxc4 14.
Bxe3 b6 15. Bg5 Ng6 16. Re1 Kf7 17. e6+ dxe6 18. Nd4 Kg8 19. Qh5 c5 20. b3 Qd5 21. Nf3 Bb7 22. Rad1 Qf5 23. Nh4 Qf2 24. Qg4 Nxh4 25. Bxh4 Qf5 26. Qxf5 exf5 27. Rd7 Bc6 28.
Rc7 Bd5 29. c4 Be4 30. Rd1 Rf7 31. Rxf7 Kxf7 32. Rd7+ Kg6 33. Be1 h5 34. Bc3 Rg8 35. Kg1 a5 36. Kf2 Kg5 37. g3 g6 38. h3 h4 39. Rd6 hxg3+ 40. Kxg3 Kh5 41. Bd2 g5 42. Rxb6 f4+ 43. Kf2 Rd8 44. Bc3 Rd3 45. Bg7 Rxh3 46. Rh6+ Kg4 47. Rxh3 Kxh3 48. Bf8 g4 49. Bxc5 g3+ 50.
Kg1 Bb1 51. a3 Ba2 52. b4 axb4 53. axb4 Bxc4 54. Bd6 Kg4 55. Bc5 Bb5 56. Bb6 Kf5 57. Kg2 Bc6+ 58. Kf1 Ke4 59. Bc7 Kf3 60. Bd6 Bb5+ 61.
Kg1 Kg4 62. Bc7 f3 63. Bb6 Kf5 64. Bc7 f2+ 65. Kg2 f1=Q+ 0-1

[Event "*** Titled Tuesday Blitz"]
[Site "Chess.com"]
[Date "2020.12.01"]
[Round "4"]
[White "ZenBull"]
[Black "sbouchet"]
[Result "1-0"]
[WhiteElo "2181"]
[BlackElo "2380"]
[TimeControl "180+1"]
[EndTime "10:39:36 PST"]
[Termination "ZenBull won by resignation"]

1. Nf3 c5 2. c4 g6 3. e4 Bg7 4. d4 cxd4 5. Nxd4 Nc6 6. Be3 Nf6 7. Nc3 O-O 8. Be2 d6 9. O-O Bd7 10. Nc2 h5 11. Rc1 Rc8 12. Qd2 b6 13. Na3 Nb4 14.
f3 Be6 15. b3 Nc6 16. Nd5 h4 17. Nb5 h3 18. g3 Qd7 19. Nbc3 Rfe8 20. Nf4 Ne5 21. Ncd5 Qb7 22. Nxe6 fxe6 23. Nf4 Qd7 24. Nxh3 Kf7 25. Nf4 Rh8 26. Rf2 Bh6 27. Nd3 Nxd3 28. Bxd3 Bxe3 29. Qxe3 e5 30. Rfc2 Kg7 31. Bf1 Ne8 32.
Rd1 Nc7 33. Rcd2 Ne6 34. f4 exf4 35. gxf4 Rcf8 36. Bh3 Rh4 37. Rf1 Rfh8 38. Bxe6 Qxe6 39. Rg2 Kf8 40. f5 gxf5 41. Rxf5+ Ke8 42. Rf4 Kd7 43. Qf3 Qe5 44. Rxh4 Rxh4 45. Qf5+ Qxf5 46. exf5 Rf4 47. Rf2 Rh4 48. Kg2 Ke8 49. Kg3 Rh7 50.
h4 Kf7 51. Kg4 Kf6 52. Re2 Rg7+ 53. Kf4 Rh7 54. Re6+ Kf7 55. Kg5 Rg7+ 56. Rg6 Rh7 57. h5 a5 58. h6 Kf8 59. Re6 Kf7 60. Re2 Rh8 61. Re6 Rg8+ 62. Rg6 Rh8 63. Kh5 Rh7 64. Kg5 Rh8 65. Rg7+ Kf8 66. Kg6 e5 67. fxe6 1-0

[Event "*** Titled Tuesday Blitz"]
[Site "Chess.com"]
[Date "2020.12.01"]
[Round "4"]
[White "annacramling"]
[Black "JoliyRoger"]
[Result "0-1"]
[WhiteElo "2124"]
[BlackElo "2384"]
[TimeControl "180+1"]
[EndTime "10:39:37 PST"]
[Termination "JoliyRoger won by resignation"]

1. d4 Nf6 2. c4 e6 3. Nc3 Bb4 4. Qc2 b6 5. e4 Bb7 6. d5 Bxc3+ 7. bxc3 e5 8. Nf3 d6 9. Bg5 Nbd7 10. Be2 h6 11.
Bh4 Nf8 12. Rb1 Bc8 13. O-O Ng6 14. Bg3 O-O 15. Nd2 Bd7 16. c5 bxc5 17. Nc4 a5 18. f4 exf4 19. Bxf4 Nxf4 20. Rxf4 Be8 21. Qd2 Nd7 22.
Ne3 Ne5 23. Nf5 Bd7 24. Rbf1 Bxf5 25. Rxf5 f6 26. c4 a4 27. a3 Rb8 28. Qa5 Ra8 29.
Qc3 Qd7 30. h3 Rab8 31. Qc2 Rb3 32. Bg4 Nxg4 33. hxg4 Re8 34. R5f3 Reb8 35. Rxb3 axb3 36. Qb2 Qxg4 37. Re1 Qg5 38. a4 Qe5 39. Re2 Rb4 40. a5 Ra4 41. a6 Ra1+ 42. Kf2 Rxa6 43. Qxb3 Rb6 44. Qe3 Kh7 45. Qf3 Rb2 46. Qf5+ Qxf5+ 47. exf5 Rxe2+ 48. Kxe2 g6 49. fxg6+ Kxg6 50. Ke3 Kf5 51. g3 h5 52. Kf3 Ke5 53. Ke3 f5 54. Kf3 f4 55. gxf4+ Kf5 56. Kg3 h4+ 57. Kxh4 Kxf4 58.
Kh5 Ke5 59. Kg6 Kd4 60. Kf6 Kxc4 61. Ke6 Kb5 62. Kd7 Kb6 63. Ke6 c4 64. Kf5 c3 65.
Ke4 c2 66. Kd3 c1=Q 0-1

[Event "*** Titled Tuesday Blitz"]
[Site "Chess.com"]
[Date "2020.12.01"]
[Round "4"]
[White "tvjosue"]
[Black "AniJak"]
[Result "1/2-1/2"]
[WhiteElo "2569"]
[BlackElo "2389"]
[TimeControl "180+1"]
[EndTime "10:39:39 PST"]
[Termination "Game drawn by repetition"]

1. b3 e5 2. Bb2 Nc6 3. e3 g6 4. Bb5 Bg7 5. Nf3 Nge7 6. d4 exd4 7. Nxd4 O-O 8. Nxc6 Nxc6 9. Bxg7 Kxg7 10. Bxc6 bxc6 11. Qd4+ Qf6 12. Qxf6+ Kxf6 13. c4 d6 14. Nc3 Bf5 15. f3 Rfe8 16. Kf2 Re7 17. Rac1 Rae8 18. e4 Bd7 19. c5 Kg7 20. Rhd1 Re6 21.
Rd2 Bc8 22. Ne2 d5 23. Nd4 Rf6 24. Re1 dxe4 25. Rde2 Rd8 26. Rxe4 Bf5 27. Rf4 Rd5 28. b4 a5 29. a3 axb4 30. axb4 Bd7 31. Rfe4 Bf5 32.
Nxf5+ Rfxf5 33. Re7 Rd2+ 34. R1e2 Rd4 35. Rb2 Rfd5 36.
Rxc7 Rd2+ 37. Rxd2 Rxd2+ 38. Kg3 Rb2 39. Rb7 h5 40. h4 Kf6 41. Rb6 Ke5 42. Rxc6 Rxb4 43. Rc7 Ke6 44. Kh3 Rc4 45. c6 f6 46. Rg7 Kf5 47.
c7 g5 48. hxg5 fxg5 49. Rh7 Kg6 50. Rd7 Kf6 51. Kg3 Ke6 52. Rh7 h4+ 53. Kh3 Kf6 54. Rd7 Ke6 55. Rh7 Kf6 56. Kh2 Ke6 57. Kg1 Kf6 58.
Kf1 Rc2 59. Kg1 Ke6 60. Kh2 Kf6 61. Kh3 Rc4 1/2-1/2

[Event "*** Titled Tuesday Blitz"]
[Site "Chess.com"]
[Date "2020.12.01"]
[Round "4"]
[White "diamonds13"]
[Black "Semetey"]
[Result "1-0"]
[WhiteElo "2341"]
[BlackElo "2580"]
[TimeControl "180+1"]
[EndTime "10:39:39 PST"]
[Termination "diamonds13 won on time"]

1. d4 Nf6 2. c4 g6 3. Nc3 d5 4.
cxd5 Nxd5 5. e4 Nxc3 6. bxc3 Bg7 7. Bc4 O-O 8. Ne2 c5 9. Be3 Nc6 10. O-O Qc7 11. Rc1 Rd8 12. f3 b6 13. Qe1 Na5 14.
Bd3 e6 15. Qf2 Bb7 16. h4 h5 17. e5 Rac8 18. Rfd1 Bd5 19. c4 Bb7 20. Bg5 Rd7 21.
d5 exd5 22. e6 Rd6 23. Bf4 d4 24. Qg3 Rcd8 25. exf7+ Kxf7 26. Bxg6+ Rxg6 27. Bxc7 Rxg3 28. Nxg3 Rd7 29. Bf4 Ba6 30. Ne4 Nxc4 31. Rxc4 Bxc4 32. Nd6+ Rxd6 33. Bxd6 Ke6 34. Bf4 Bxa2 35. Ra1 Bb3 36. Rxa7 Bf6 37. Rb7 Bd8 38. Bg5 Bxg5 39. Rxb6+ Kf5 40.
hxg5 c4 41. Rb5+ Kg6 42. Kf2 Bc2 43. Ke2 Bd3+ 44. Kd1 Bf1 45. g3 c3 46. Rd5 d3 47.
Rc5 c2+ 48. Kd2 Be2 49. f4 Bf1 50. Ke3 Be2 51. Rc6+ Kf5 52. Rc3 Kg6 53. Kd2 Kf5 54. Rc5+ Kg6 55. Rc6+ Kf5 56. Rf6+ Kg4 57. g6 Kxg3 58.
g7 Kf2 59. g8=Q c1=Q+ 60. Kxc1 Ke1 61. Qg1+ 1-0

[Event "*** Titled Tuesday Blitz"]
[Site "Chess.com"]
[Date "2020.12.01"]
[Round "4"]
[White "Mbneu"]
[Black "PriSachu"]
[Result "1-0"]
[WhiteElo "2335"]
[BlackElo "2521"]
[TimeControl "180+1"]
[EndTime "10:39:39 PST"]
[Termination "Mbneu won by resignation"]

1. d4 Nf6 2. c4 g6 3. Nc3 Bg7 4. e4 O-O 5. f4 d6 6. Nf3 c5 7.
d5 e6 8. Be2 exd5 9. cxd5 b5 10. Bxb5 Nxe4 11. Nxe4 Qa5+ 12. Nc3 Bxc3+ 13. bxc3 Qxb5 14.
Kf2 Bg4 15. h3 Bxf3 16. Qxf3 Nd7 17. Re1 Rfe8 18. Bd2 Qc4 19. Kg1 Nf6 20. f5 Qxd5 21.
fxg6 Qxf3 22. gxh7+ Kxh7 23. gxf3 Kg6 24. Kf2 Kf5 25. Rg1 Rab8 26. Rg5+ Ke6 27. Re1+ Kd7 28. Rf5 Rxe1 29. Bxe1 Ke6 30. Rg5 Rb2+ 31. Kg3 Rxa2 32. h4 Ra1 33. Bf2 Rh1 34. Kg2 Rb1 35. h5 a5 36. h6 a4 37. Rg4 a3 38. Ra4 Rb3 39.
Be1 Kf5 40. Kf2 Kg6 41. Ke3 Kxh6 42. Kd3 Kg6 43. Kc4 Rb1 44. Bd2 Rb2 45. Bc1 Rf2 46. Rxa3 Rxf3 47. Kb5 Kf5 48. Kc6 Ke6 49. Ra8 Rf2 50.
Bg5 Ne4 51. Re8+ Kf5 52. Be7 d5 53. Bxc5 Nxc5 54. Kxc5 Rd2 55. Re1 Rd3 56. c4 dxc4 57.
Kxc4 Rd8 58. Rf1+ Kg6 59. Rg1+ Kf6 60. Rf1+ Ke7 61. Re1+ Kf8 62. Re5 f6 63. Rd5 Kf7 64. Rxd8 1-0